 Dungeon Crawl Stone Soup version 0.31-a0-210-gccc998df9b (webtiles) character file.

Game seed: 12893639144403201111

30160 Ge0ff the Transmogrifier (level 13, -13/65 HPs)
             Began as a Spriggan Monk on June 29, 2023.
             Was an Initiate of Gozag.
             Mangled by a cane toad (16 damage)
             ... on level 4 of the Lair of Beasts on June 30, 2023.
             The game lasted 00:36:53 (17685 turns).

Ge0ff the Transmogrifier (Spriggan Monk)           Turns: 17685, Time: 00:36:53

Health: -13/65     AC:  5    Str: 13    XL:     13   Next: 19%
Magic:  22/27      EV: 26    Int: 16    God:    Gozag
Gold:   4389       SH:  0    Dex: 18    Spells: 25/30 levels left

rFire   . . .        a - +1 short sword (venom)
rCold   . . .        (no shield)
rNeg    . . .        Q - +0 steam dragon scales
rPois   .            (helmet restricted)
rElec   .            (no cloak)
rCorr   .            (gloves unavailable)
SInv    +            (boots unavailable)
Will    ++...        J - amulet of regeneration
Stlth   ++++         U - +6 ring of strength
HPRegen 1.10/turn    Z - +5 ring of evasion
MPRegen 0.20/turn

%: no passive effects
@: gold aura, very slightly contaminated, very quick
A: very small, no large weapons, unfitting armour, see invisible, speed 3
a: Renounce Religion, Potion Petition, Call Merchant, Bribe Branch


You were on level 4 of the Lair of Beasts.
You worshipped Gozag.
Gozag was most pleased with you.
You visited 2 branches of the dungeon, and saw 16 of its levels.

You collected 4389 gold pieces.

Inventory:

Hand Weapons
 a - a +1 short sword of venom (weapon)
 b - a +2 dagger of speed
 k - a +1 dagger of freezing
 l - a +2 short sword of freezing
 D - a +0 rapier
 F - a +3 dagger
 S - a +0 short sword of distortion
 Y - the +4 orcbow of Avasoq {flame, rC+}
   (You found it on level 7 of the Dungeon)

   rC:        It protects you from cold.
Missiles
 v - 16 curare-tipped darts {=F}
 B - 2 boomerangs
 R - 11 poisoned darts (quivered)
Armour
 d - an orb of light
 Q - +0 steam dragon scales (worn)
Magical Staves
 X - a staff of air
Jewellery
 w - a ring of ice
 x - a ring of positive energy
 J - an amulet of regeneration (around neck)
 O - an amulet of reflection
 U - a +6 ring of strength (left hand)
 Z - a +5 ring of evasion (right hand)
Wands
 f - a wand of flame (29)
 p - a wand of paralysis (7)
 r - a wand of roots (16)
 s - a wand of mindburst (6)
 P - a wand of polymorph (5)
Scrolls
 m - 2 scrolls of revelation
 n - 2 scrolls of enchant weapon
 y - a scroll of immolation
 C - a scroll of poison
 E - 2 scrolls of fear
 G - a scroll of enchant armour
 T - 9 scrolls of teleportation
 V - a scroll of vulnerability
Potions
 o - 2 potions of ambrosia
 q - 4 potions of curing
 u - 2 potions of mutation {!q}
 z - a potion of brilliance
 A - 3 potions of attraction
 H - 2 potions of haste {!q}
 I - 4 potions of invisibility
 K - a potion of magic {!q}
 L - 4 potions of lignification
 M - 6 potions of might
 N - 2 potions of cancellation {!q}
 W - 6 potions of heal wounds {!q}
Miscellaneous
 t - a tin of tremorstones (inert)


   Skills:
 + Level 5.9 Fighting
 - Level 10.6 Short Blades
 + Level 4.9 Throwing
 - Level 3.0 Armour
 - Level 7.0 Dodging
 - Level 7.0 Stealth
 + Level 9.3 Spellcasting
 - Level 8.0 Conjurations
 - Level 14.0 Transmutations
 - Level 7.0 Evocations


You had 25 spell levels left.
You knew the following spells:

 Your Spells              Type           Power      Damage    Failure   Level
E - Irradiate             Conj/Tmut      21%        3d18      3%          5

Your spell library contained the following spells:

 Spells                   Type           Power      Damage    Failure   Level
 Beastly Appendage        Tmut           100%       N/A       1%          1
 Magic Dart               Conj           100%       1d8       1%          1
 Shock                    Conj/Air       80%        1d8       1%          1
 Wereblood                Tmut           51%        N/A       1%          2
 Spider Form              Tmut/Pois      29%        N/A       1%          3
 Ice Form                 Ice/Tmut       29%        N/A       5%          4
 Petrify                  Tmut/Erth      29%        N/A       5%          4
 Dazzling Flash           Conj/Hex       40%        N/A       6%          3
 Hailstorm                Conj/Ice       20%        3d6       6%          3
 Necrotise                Necr           28%        1d5       10%         1
 Sublimation of Blood     Necr           7%         N/A       16%         2
 Iskenderun's Mystic Bla  Conj/Tloc      20%        2d6       19%         4
 Call Canine Familiar     Summ           7%         N/A       30%         3
 Portal Projectile        Hex/Tloc       14%        N/A       30%         3
 Swiftness                Air            7%         N/A       30%         3
 Vampiric Draining        Necr           7%         2d6       30%         3
 Vhi's Electric Charge    Tloc/Air       14%        N/A       30%         3
 Volatile Blastmotes      Fire/Tloc      14%        2d11      30%         3
 Arcjolt                  Conj/Air       10%        1d20      47%         5
 Airstrike                Air            3%         2d(1-17)  69%         4
 Leda's Liquefaction      Hex/Erth       3%         N/A       69%         4
 Agony                    Necr           7%         N/A       95%         5
 Metabolic Englaciation   Hex/Ice        3%         N/A       95%         5
 Conjure Ball Lightning   Conj/Air       10%        3x3d6     96%         6
 Starburst                Conj/Fire      10%        6d5       96%         6
 Plasma Beam              Fire/Air       3%         2x1d13    100%        6
 Maxwell's Capacitive Co  Air            3%         ∞         100%        8
 Simulacrum               Ice/Necr       Unusable   N/A       N/A         6

Dungeon Overview and Level Annotations

Branches:
Dungeon (12/15) Zot: 26306  Temple (0/1) D:7            Lair (4/5) D:8 Zot: 19559
  Swamp (0/4) Lair:3        Snake (0/4) Lair:3          Orc (0/2) D:9
  Slime: Lair:4-5

Altars:
Cheibriados
Dithmenos
Fedhas
Gozag
Hepliaklqana
Makhleb
Nemelex Xobeh
Okawaru
Qazlal
Sif Muna
Vehumet
Wu Jian
Xom
The Shining One

Shops:
D:6 =   D:12 *


Innate Abilities, Weirdness & Mutations

You are very small and have problems with some larger weapons.
You are too small for most types of armour.
You have supernaturally acute eyesight. (SInv)
You cover ground extremely quickly. (Speed+++)


Message History

There is a stone staircase leading up here.
There are monsters nearby!
Found a stone staircase leading down.
Found a scroll labelled YVIOKHE KOUH and 6 stones.
The helpless cane toad fails to defend itself.
You spit the cane toad like a pig!!!
You kill the cane toad! 2 dream sheep and a bullfrog come into view.
You see here 4 gold pieces.
The dream sheep bleats!
You hear a bleat! x2; You hear a howl!
A dream sheep comes into view.
The dream sheep is distracted by your dazzling golden aura.
A dream sheep comes into view.
The dream sheep bleats! x2; You hear a croak.
You throw a poisoned dart. The poisoned dart hits the dream sheep!
The dream sheep is poisoned.
The dream sheep is no longer distracted by gold.
You hear a bleat!
You hear a loud, deep croak!
A dream sheep comes into view.
The dream sheep ruffle their wool and motes of dream dust sparkle, to no effect.
You throw a poisoned dart.
The poisoned dart closely misses the dream sheep.
The poisoned dart hits the dream sheep!
The dream sheep is poisoned.
A cane toad comes into view.
The cane toad gives a loud, deep croak!
A blink frog comes into view.
The blink frog gives a loud, deep croak!
You hit the cane toad.
The cane toad is lightly wounded.
You hear a bleat!
A dream sheep comes into view.
The cane toad stings you!! The dream sheep bites you!
The dream sheep shake their wool and sparkle.
You feel drowsy...
You fall asleep.
The cane toad stings you!!
You wake up.
* * * LOW HITPOINT WARNING * * *
The dream sheep misses you.
You hear an angry hiss.
Casting: Irradiate (dangerous; 3% risk of failure)
Confirm with . or Enter, or press ? or * to list all spells.
You erupt in a fountain of uncontrolled magic!
The cane toad is blasted with magical radiation!!
The cane toad is almost dead.
The cane toad twists and deforms.
The dream sheep is blasted with magical radiation!!
You kill the dream sheep!
You are very lightly contaminated with residual magic.
The cane toad stings you!
You die...
Your body crumbles into a pile of gold.

. .( .⌠... .. ## #.
##...Y.
..#.##.##....Y⌠..
.>.##....Y.YY((
###.#..$Y..##.#Y
#.......Y##.....
#.<...Y.#..F....
#....$##........
....#..@F#..?..#...
PS...#..........# .
#.....#...##...##
P.....#....#P...#
.......#...+.....#
)......#........##
.... #...##...# ...
.#..# ....PP


You could see a cane toad (misshapen) and 4 dream sheep.

Vanquished Creatures
  A hydra (Lair:2)
  2 two-headed ogres (D:12)
  2 boulder beetles
  Sonja (D:10)
  2 skysharks (Lair:3)
  An ugly thing (D:11)
  A cyclops (D:11)
  A salamander (Lair:3)
  5 black mambas
  3 gargoyles
  3 torpor snails (Lair:1)
  6 cane toads
  An unseen horror (D:10)
  A kobold demonologist (D:12)
  5 komodo dragons
  2 trolls
  Prince Ribbit (Lair:3)
  A polar bear (Lair:3)
  9 blink frogs
  6 dream sheep
  A shadow (D:9)
  2 spriggans (Lair:3)
  9 wyverns
  30 yaks
  6 basilisks
  A hog (D:7)
  A steam dragon (D:8)
  Duvessa (D:7)
  2 acid dragons
  10 water moccasins
  2 ice beasts
  A sky beast (D:7)
  3 orc warriors
  5 black bears
  10 wolves
  An ogre (D:4)
  5 centaurs
  2 lemures (D:8)
  A phantom (D:7)
  3 kobold brigands
  11 bullfrogs
  A gnoll sergeant (D:11)
  5 scorpions
  4 wights (D:8)
  Dowan (D:7)
  6 killer bees (D:7)
  2 lava snakes (Lair:3)
  3 hounds
  4 jellies
  A gnoll bouda (D:7)
  10 orc priests
  Jessica (D:2)
  Natasha (thrice) (D:2)
  12 orc wizards
  A sleepcap (D:5)
  An iguana (D:7)
  Robin (D:2)
  6 gnolls
  8 adders
  3 shadow imps
  2 white imps
  An ufetubus (D:6)
  4 worms
  3 dart slugs
  34 orcs
  9 ball pythons
  5 bats
  7 endoplasms
  2 giant cockroaches
  7 hobgoblins
  4 jackals (D:2)
  6 quokkas
  2 frilled lizards
  12 goblins
  18 kobolds
  6 rats
356 creatures vanquished.

Notes
Turn   | Place    | Note
-------+----------+-------------------------------------------
     0 | D:1      | Ge0ff the Spriggan Monk began the quest for the Orb.
     0 | D:1      | Reached XP level 1. HP: 11/11 MP: 2/2
    61 | D:1      | Reached skill level 1 in Stealth
   106 | D:1      | Reached XP level 2. HP: 8/16 MP: 3/3
   212 | D:1      | Got Sif Muna's Book of the Kinetic Oath
   447 | D:1      | Reached XP level 3. HP: 17/19 MP: 4/4
   901 | D:2      | Reached skill level 5 in Short Blades
   930 | D:2      | Noticed Jessica
   941 | D:2      | Killed Jessica
   942 | D:2      | Reached skill level 1 in Spellcasting
   942 | D:2      | Reached XP level 4. HP: 23/23 MP: 4/6
  1053 | D:2      | Found an opulent altar of Gozag.
  1053 | D:2      | Noticed Natasha
  1065 | D:2      | Killed Natasha
  1117 | D:2      | Became a worshipper of Gozag Ym Sagoz the Greedy
  1173 | D:2      | Noticed Robin
  1261 | D:2      | Killed Robin
  1349 | D:2      | Reached XP level 5. HP: 21/28 MP: 9/9
  1788 | D:2      | Noticed Natasha
  1801 | D:2      | Killed Natasha
  2032 | D:2      | Noticed Natasha
  2042 | D:2      | Killed Natasha
  2868 | D:4      | Noticed an ogre
  2881 | D:4      | Killed an ogre
  2882 | D:4      | Reached XP level 6. HP: 32/32 MP: 11/11
  3489 | D:4      | Found a radiant altar of Vehumet.
  3596 | D:5      | Entered Level 5 of the Dungeon
  3625 | D:5      | Reached XP level 7. HP: 36/36 MP: 12/12
  3886 | D:5      | Found a glowing golden altar of the Shining One.
  4156 | D:5      | Found an ornate altar of the Wu Jian Council.
  4305 | D:5      | Reached skill level 10 in Short Blades
  4305 | D:5      | Reached XP level 8. HP: 24/40 MP: 13/13
  4539 | D:5      | Found an ornate altar of the Wu Jian Council.
  4734 | D:5      | Found a glowing golden altar of the Shining One.
  5050 | D:6      | Found Buagesac's Jewellery Shoppe.
  5198 | D:6      | Reached skill level 1 in Evocations
  5212 | D:6      | Learned a level 5 spell: Irradiate
  5218 | D:6      | Found an iron altar of Okawaru.
  5265 | D:6      | Reached skill level 1 in Transmutations
  5367 | D:6      | Found a burning altar of Makhleb.
  5498 | D:6      | Reached skill level 1 in Conjurations
  5498 | D:6      | Reached skill level 2 in Transmutations
  5814 | D:6      | Reached skill level 5 in Dodging
  5892 | D:6      | Found a sparkling altar of Nemelex Xobeh.
  6010 | D:7      | Identified the +4 orcbow of Avasoq {flame, rC+}
  6159 | D:7      | Reached skill level 3 in Transmutations
  6227 | D:7      | Noticed Maggie
  6229 | D:7      | Maggie changed into Maggie the hog
  6229 | D:7      | Noticed Maggie
  6246 | D:7      | Killed Maggie the hog
  6247 | D:7      | Reached XP level 9. HP: 31/44 MP: 16/16
  6444 | D:7      | Reached skill level 4 in Transmutations
  6488 | D:7      | Reached skill level 5 in Stealth
  6624 | D:7      | Noticed Duvessa
  6624 | D:7      | Noticed Dowan
  6654 | D:7      | Killed Duvessa
  6655 | D:7      | Killed Dowan
  6717 | D:7      | Found a staircase to the Ecumenical Temple.
  6836 | D:8      | Noticed Pikel
  6837 | D:8      | Pikel changed into Pikel the basilisk
  6837 | D:8      | Noticed Pikel
  6882 | D:8      | Killed Pikel the basilisk
  6915 | D:8      | Reached skill level 5 in Transmutations
  7096 | D:8      | Reached skill level 5 in Spellcasting
  7157 | D:8      | Found a shimmering blue altar of Sif Muna.
  7208 | D:8      | Reached skill level 6 in Transmutations
  7277 | D:8      | Reached XP level 10. HP: 48/49 MP: 19/19
  7320 | D:8      | Reached skill level 7 in Transmutations
  7366 | D:8      | Found a staircase to the Lair.
  7617 | D:8      | Found a shadowy altar of Dithmenos.
  8054 | D:9      | Found a staircase to the Orcish Mines.
  8123 | D:9      | Reached skill level 8 in Transmutations
  8620 | D:9      | Reached skill level 5 in Conjurations
  8692 | D:10     | Entered Level 10 of the Dungeon
  8787 | D:10     | Reached skill level 9 in Transmutations
  8968 | D:10     | Noticed Sonja
  8971 | D:10     | Killed Sonja
  9104 | D:10     | Found an opulent altar of Gozag.
  9436 | D:10     | Reached skill level 10 in Transmutations
  9487 | D:10     | Reached XP level 11. HP: 53/53 MP: 7/22
  9647 | D:10     | Found a stormy altar of Qazlal.
  9729 | D:10     | Found a blossoming altar of Fedhas.
  9743 | D:10     | Found a shimmering altar of Xom.
  9915 | D:11     | Noticed a boulder beetle
  9939 | D:11     | Killed a boulder beetle
 10015 | D:11     | Noticed a green ugly thing
 10114 | D:11     | Killed a green ugly thing
 10115 | D:11     | Reached skill level 11 in Transmutations
 10959 | D:12     | Noticed a two-headed ogre
 10962 | D:12     | Killed a two-headed ogre
 10963 | D:12     | Reached skill level 12 in Transmutations
 10998 | D:12     | Found Gaajuoq's General Store.
 11228 | D:12     | Reached skill level 1 in Throwing
 11350 | D:12     | Noticed a boulder beetle
 11359 | D:12     | Killed a boulder beetle
 11360 | D:12     | Reached skill level 1 in Armour
 11551 | D:12     | Noticed a two-headed ogre
 11553 | D:12     | Killed a two-headed ogre
 11872 | Lair:1   | Entered Level 1 of the Lair of Beasts
 11927 | Lair:1   | Found a hazy altar of Hepliaklqana.
 12091 | Lair:1   | Reached skill level 5 in Evocations
 12300 | Lair:1   | Found a snail-covered altar of Cheibriados.
 12322 | Lair:1   | Reached XP level 12. HP: 54/58 MP: 24/24
 14096 | Lair:1   | Found a snail-covered altar of Cheibriados.
 14140 | Lair:1   | Found a hazy altar of Hepliaklqana.
 14594 | Lair:2   | Reached skill level 5 in Fighting
 14707 | Lair:2   | Noticed a four-headed hydra
 14712 | Lair:2   | Killed a four-headed hydra
 14779 | Lair:2   | Reached skill level 13 in Transmutations
 16270 | Lair:3   | Found a staircase to the Swamp.
 16311 | Lair:3   | Noticed Prince Ribbit
 16325 | Lair:3   | Killed Prince Ribbit
 16326 | Lair:3   | Reached XP level 13. HP: 64/64 MP: 11/26
 16679 | Lair:3   | Identified the +5 scale mail "Fixal" {rF- rC+ Str+2 Int+3}
 16857 | Lair:3   | Reached skill level 14 in Transmutations
 17017 | Lair:3   | Identified a scroll of acquirement
 17019 | Lair:3   | Found a staircase to the Snake Pit.
 17124 | Lair:3   | Acquired 814 gold pieces
 17684 | Lair:4   | HP: 2/65 [cane toad (31)]
 17685 | Lair:4   | Mangled by a cane toad

Illustrated notes

Levels and vault maps discovered:
D:1:      wander_arrival_estate, layout_basic, serial_corexii_hall,
          corexii_hall_statues_l, chequers_hall_statues_wall_a
D:2:      layout_loops_ring, basic_altar, guppyfry_early_lair_pool, uniq_robin,
          uniq_natasha, uniq_jessica
D:3:      layout_basic
D:4:      layout_basic, kennysheep_mini_moat, hangedman_decor_growths,
          minmay_a_box_with_orc_wizards_in_it
D:5:      layout_rooms, nicolae_tso_carved_into_rock,
          mainiacjoe_overflow_concentric_impassable
D:6:      layout_loops_cross, mainiacjoe_overflow_24_doors,
          nemelex_diamond_rough_becter, okawaru_ov_weapons_minmay, serial_shops,
          nicolae_shop_real_fake_doors, grunt_ministairs_4
D:7:      layout_rooms, minmay_temple_entry_poolview, minmay_increasing_density,
          uniq_maggie, uniq_duvessa
D:8:      layout_basic, mainiacjoe_overflow_boulevard,
          mainiacjoe_overflow_six_doors_small, david_lair_generic,
          small_statue_intersection, uniq_pikel
D:9:      layout_loops_ring, orc_0_dummy
D:10:     layout_basic, grunt_gozag_statues, grunt_qazlal_sundering,
          mainiacjoe_overflow_big_doors, uniq_sonja
D:11:     layout_long_grid
D:12:     layout_long_grid, serial_shops, shop, eino_tiny_chamber,
          small_statue_intersection
Lair:1:   layout_long_grid, basic_altar, kennysheep_snail_temple
Lair:2:   nzn_winding_woodlands_three_and_one [nzn_winding_woodlands_5x15_eye,
          nzn_winding_woodlands_5x15_concentric,
          nzn_winding_woodlands_5x15_garden,
          nzn_winding_woodlands_center_triple_pond], layout_regular_city
Lair:3:   layout_small_grid, swamp_mist_pool, nicolae_snake_entry_warm_welcome,
          wad_woods_02, uniq_prince_ribbit2
Lair:4:   layout_regular_city, lemuel_old_faithful, grunt_megastairs_4,
          lemuel_fruit_tree

Skill      XL: |  1  2  3  4  5  6  7  8  9 10 11 12 13 |
---------------+----------------------------------------+-----
Stealth        | 1 2 4 5 6 7 |  7.0
Short Blades   | 4 5 6 7 10 | 10.6
Spellcasting   | 1 2 3 4 5 7 8 9 |  9.3
Fighting       | 3 4 5 |  5.9
Evocations     | 2 3 5 7 |  7.0
Transmutations | 3 6 10 12 13 14 | 14.0
Conjurations   | 1 3 5 7 8 |  8.0
Dodging        | 5 6 7 |  7.0
Throwing       | 2 4 |  4.9
Armour         | 1 3 |  3.0

Action                     |  1- 3 |  4- 6 |  7- 9 | 10-12 | 13-15 || total
---------------------------+-------+-------+-------+-------+-------++-------
  Melee: Short sword       |   121 |   212 |   448 |   468 |     8 ||  1257
         Unarmed           |       |    14 |       |       |       ||    14
         Dagger            |       |       |    53 |    23 |       ||    76
         Punch             |       |       |       |     2 |       ||     2
  Throw: Stone             |     1 |       |       |       |       ||     1
         Dart              |       |    11 |    19 |    65 |     7 ||   102
         Boomerang         |       |       |       |    99 |    30 ||   129
   Cast: Irradiate         |       |       |       |    96 |    20 ||   116
  Evoke: Wand              |       |     3 |    11 |    24 |       ||    38
         Tin of tremorston |       |       |       |     6 |       ||     6
    Use: Scroll            |     3 |    10 |     8 |     7 |     2 ||    30
         Potion            |       |     1 |     2 |       |       ||     3
   Stab: Distracted        |       |     1 |     2 |     1 |       ||     4
         Sleeping          |       |       |       |     4 |     1 ||     5
 Armour: Robe              |    10 |    12 |    18 |       |       ||    40
         Skin              |       |    13 |       |       |       ||    13
         Steam dragon scal |       |       |    14 |    28 |     6 ||    48
  Dodge: Dodged            |    83 |    90 |   214 |   290 |    21 ||   698

Table legend: (Time is in decaauts)
 A = Elapsed time spent in this place.
 B = Non-inter-level travel time spent in this place.
 C = Inter-level travel time spent in this place.
 D = Time resting spent in this place.
 E = Time spent auto-exploring this place.
 F = Levels seen in this place.
 G = Mean time per level.
                   A        B        C        D        E       F      G
               +--------+--------+--------+--------+--------+-----+--------+
         Total |  12594 |  12296 |    298 |    161 |   9314 |  16 |  787.1 |
       Dungeon |   8154 |   7914 |    240 |    147 |   5623 |  12 |  679.5 |
          Lair |   4439 |   4382 |     57 |     13 |   3691 |   4 | 1109.8 |
               +--------+--------+--------+--------+--------+-----+--------+

Top non-repeatable levels by time:
  Lair:1: 2094 daAuts
  Lair:2: 1194 daAuts
  Lair:3: 1132 daAuts
     D:2: 939 daAuts
     D:5: 881 daAuts
    D:10: 878 daAuts
     D:8: 808 daAuts
    D:11: 802 daAuts
    D:12: 643 daAuts
     D:6: 634 daAuts
     D:1: 561 daAuts
     D:7: 548 daAuts
     D:3: 514 daAuts
     D:4: 504 daAuts
     D:9: 436 daAuts
